AoeStats
← engincetin585858

Arabia

509067728Analyzed
1v1 RM · 7d ago on Sep 25, 2026· 24m 14s· 2 players
Game mode
Random Map
Map size
Tiny (2 player)
Population
200
Speed
Normal
Resources
Standard
Victory
Conquest
Starting age
Dark Age
Ending age
Imperial Age
RankedLock teamsTeams togetherTeam positionsShared explorationLock speedFull tech treeHidden civsTurbo modeCheats
Victory
Defeat
🇫🇷 Romans · France
1549
+17
🇹🇷 Burmese · Türkiye
1578
-17
tc-Hawx
5:51 Loom
8:24 Feudal Age
9:21 Double-Bit Axe
9:34 Horse Collar
16:07 Wheelbarrow
18:40 Castle Age
16:38 Gold Mining
17:34 Scale Barding Armor
18:59 Bloodlines
19:02 Light Cavalry
engincetin585858
6:01 Loom
9:25 Feudal Age
15:20 Fletching
17:08 Horse Collar
20:55 Castle Age
19:25 Gold Mining
20:05 Padded Archer Armor
21:19 Crossbowman
23:43 Ballistics
Connection lost

Rejoining the realm…

Still unreachable

The connection could not be restored.

Session expired

The server has moved on; the page needs a fresh start.